 Dungeon Crawl Stone Soup version 0.30-a0-777-ga9a30cbeda (webtiles) character file.

Game seed: 12210175546629523060

98 Ekaitz the Firebug (level 4, -1/31 HPs)
             Began as a Demonspawn Fire Elementalist on Feb 14, 2023.
             Slain by Robin
             ... wielding a +0 short sword
              (3 damage)
             ... on level 3 of the Dungeon.
             The game lasted 00:05:16 (2451 turns).

Ekaitz the Firebug (Demonspawn Fire Elementalist)   Turns: 2451, Time: 00:05:16

Health: -1/31      AC:  6    Str: 11    XL:     4   Next: 44%
Magic:  3/7        EV: 12    Int: 16    God:
Gold:   88         SH:  0    Dex: 13    Spells: 2/8 levels left

rFire   . . .      SeeInvis .    a - +0 whip (venom)
rCold   . . .      Faith    .    (no shield)
rNeg    . . .      Spirit   .    l - +2 leather armour {Will+}
rPois   .          Reflect  .    (no helmet)
rElec   .          Harm     .    g - +0 cloak
rCorr   .          Rampage  .    (no gloves)
Will    +....                    (no boots)
Stlth   ++                       (no amulet)
HPRegen 0.25/turn                (no ring)
MPRegen 0.10/turn                (no ring)

@: no status effects
A: sturdy frame 1, demonic touch 1
a: no special abilities


You were on level 3 of the Dungeon.
You visited 1 branch of the dungeon, and saw 3 of its levels.

You collected 88 gold pieces.

Inventory:

Hand Weapons
 a - a +0 whip of venom (weapon)
 d - a +0 mace
Missiles
 f - 5 silver javelins
 i - a throwing net
Armour
 g - a +0 cloak (worn)
 l - a +2 leather armour of willpower (worn)
Scrolls
 c - a scroll of identify {unknown}
 e - a scroll of enchant weapon {unknown}
 k - 2 scrolls of teleportation {unknown}
 m - a scroll of blinking {unknown}
 n - a scroll of immolation {unknown}
Potions
 b - a potion of magic
 h - a potion of degeneration {unknown}
 j - a potion of flight {unknown}


   Skills:
 * Level 0.8 Fighting
 + Level 0.4 Maces & Flails
 + Level 2.0 Dodging
 + Level 2.1 Stealth
 + Level 2.5 Spellcasting
 + Level 1.2 Conjurations
 * Level 0.2 Translocations
 * Level 3.7 Fire Magic
 * Level 0.5 Air Magic


You had 2 spell levels left.
You knew the following spells:

 Your Spells              Type           Power      Damage    Failure   Level
a - Foxfire               Conj/Fire      40%        2x1d6     8%          1
b - Scorch                Fire           28%        2d6       7%          2
c - Kindle Blastsparks    Fire/Tloc/Air  12%        2d11      32%         3

Your spell library contained the following spells:

 Spells                   Type           Power      Damage    Failure   Level
 Inner Flame              Hex/Fire       8%         N/A       28%         3
 Flame Wave               Conj/Fire      10%        2d6       58%         4


Dungeon Overview and Level Annotations

Branches:
Dungeon (3/15)

Altars:

Shops:
D:1 ?

Annotations:
D:3 Robin


Innate Abilities, Weirdness & Mutations

Your movements are slightly less encumbered by armour. (ER -2)
Your touch may inflict minor irresistible damage on your foes.


Message History

A goblin comes into view. It is wielding a +0 club.
Casting: Kindle Blastsparks (extremely dangerous; 34% risk of failure)
Confirm with . or Enter, or press ? or * to list all spells.
The spell is extremely dangerous to miscast (34% risk of failure)!
Continue anyway?
You miscast Kindle Blastsparks.
You are very lightly contaminated with residual magic.
Nothing appears to happen.
Robin throws the goblin at you!
You closely miss the goblin. The goblin misses you.
Robin says, "Bow before me, strongest of all the hobgoblins!"
Robin throws the goblin at you! The goblin hits you but does no damage.
You barely miss the goblin. Your touch misses the goblin.
The goblin no longer looks unusually strong.
The goblin hits you with a +0 club.
* * * LOW HITPOINT WARNING * * *
Robin roars a battlecry!
The goblin goes into a battle-frenzy!
The goblin barely misses you.
Your magical contamination has completely faded away.
You hit the goblin.
You kill the goblin!
The goblin hits you with a +0 club.
* * * LOW HITPOINT WARNING * * *
Things that are here:
a +0 club; a goblin corpse You completely miss the goblin.
The goblin closely misses you.
You closely miss the goblin. The goblin completely misses you.
You hit the goblin but do no damage.
The goblin is poisoned.
You touch the goblin.
You kill the goblin!
You hit Robin but do no damage. Robin hits you with a +0 short sword.
* * * LOW HITPOINT WARNING * * *
You hit Robin.
Robin is poisoned.
Robin is lightly wounded.
Robin hits you but does no damage.
You hit Robin but do no damage.
Robin looks even sicker.
Your touch misses Robin.
Robin is lightly wounded.
Robin hits you with a +0 short sword.
You die...

.##.# #.........# #.#
.##.# #..##.<##.# #.#
.##.# #..##.###.###.##
.##.####..##.###.##...##
......##...............#
###..........###.##...##
###.##.###.###.###.##
#.#..........# #.#
#.#..###.###@# #.#
#.#..# #.# #g# #.#
#.#..###.###.# #.#
#.#..........# #.#
..#.####.###.###.# ..#.
#.........# #####.#..##
#.#..# #)#..#


You could see Robin (very poisoned).

Vanquished Creatures
  2 adders (D:2)
  A worm (D:3)
  2 dart slugs
  6 bats
  6 endoplasms
  3 giant cockroaches
  6 goblins
  2 hobgoblins
  16 jackals
  2 quokkas (D:2)
  5 ball pythons
  A frilled lizard (D:1)
  6 kobolds
  5 rats
63 creatures vanquished.

Vanquished Creatures (others)
  101 foxfires
101 creatures vanquished.

Grand Total: 164 creatures vanquished

Notes
Turn   | Place    | Note
-------+----------+-------------------------------------------
     0 | D:1      | Ekaitz the Demonspawn Fire Elementalist began the quest for
                  | the Orb.
     0 | D:1      | Reached XP level 1. HP: 13/13 MP: 3/3
   144 | D:1      | Gained mutation: Your movements are slightly less
                  | encumbered by armour. (ER -2) [demonic ancestry]
   144 | D:1      | Reached XP level 2. HP: 11/19 MP: 0/5
   162 | D:1      | Reached skill level 3 in Fire Magic
   811 | D:1      | Found The Oracle's Delphic Readings.
  1057 | D:2      | Gained mutation: Your touch may inflict minor irresistible
                  | damage on your foes. [demonic ancestry]
  1057 | D:2      | Reached XP level 3. HP: 14/25 MP: 6/6
  1060 | D:2      | Learned a level 2 spell: Scorch
  1064 | D:2      | Learned a level 3 spell: Kindle Blastsparks
  1841 | D:2      | Reached XP level 4. HP: 31/31 MP: 7/7
  1852 | D:2      | Found a faded altar of an unknown god.
  2429 | D:3      | Noticed Robin
  2444 | D:3      | HP: 1/31 [goblin/+0 club[Robin] (3)]
  2451 | D:3      | Slain by Robin

Illustrated notes

Levels and vault maps discovered:
D:1:      lemuel_arrival_tunnels, layout_basic, nicolae_nh_oracle_at_delphi
D:2:      layout_loops_corners, dreamdust_ecumenical_altar_statues
D:3:      layout_loops_ring, old_standard_altar, uniq_robin

Skill      XL: |  1  2  3 |
---------------+----------+-----
Fire Magic     | 3 |  3.7
Stealth        | 2 |  2.1
Dodging        | 2 |  2.0
Fighting       | |  0.8
Maces & Flails | |  0.4
Spellcasting   | |  2.5
Conjurations   | |  1.2
Translocations | |  0.2
Air Magic      | |  0.5

Action                     |  1- 3 |  4- 6 || total
---------------------------+-------+-------++-------
  Melee: Mace              |    20 |       ||    20
         Whip              |    26 |    33 ||    59
         Touch             |     6 |     5 ||    11
         Punch             |       |     1 ||     1
   Cast: Foxfire           |    51 |     5 ||    56
         Scorch            |     3 |     1 ||     4
         Kindle Blastspark |     1 |     1 ||     2
   Stab: Sleeping          |     1 |     2 ||     3
 Armour: Robe              |    17 |       ||    17
         Leather armour    |    11 |    11 ||    22
  Dodge: Dodged            |    79 |    24 ||   103

Table legend: (Time is in decaauts)
 A = Elapsed time spent in this place.
 B = Non-inter-level travel time spent in this place.
 C = Inter-level travel time spent in this place.
 D = Time resting spent in this place.
 E = Time spent auto-exploring this place.
 F = Levels seen in this place.
 G = Mean time per level.
                   A        B        C        D        E       F      G
               +--------+--------+--------+--------+--------+-----+--------+
         Total |   2463 |   2434 |     29 |     36 |   1895 |   3 |  821.0 |
       Dungeon |   2463 |   2434 |     29 |     36 |   1895 |   3 |  821.0 |
               +--------+--------+--------+--------+--------+-----+--------+

Top non-repeatable levels by time:
     D:2: 1246 daAuts
     D:1: 1000 daAuts
     D:3: 217 daAuts
